 Dungeon Crawl Stone Soup version 0.26-a0-50-gc4d14cd (webtiles) character file.

Game seed: 7703356692481183055

4604 Firecrotchwizard the Carver (level 10, -2/135 HPs)
             Began as a Minotaur Berserker on June 5, 2020.
             Was an Elder of Trog.
             Slain by Erolcha
             ... wielding a +0 giant club
              (18 damage)
             ... on level 9 of the Dungeon.
             The game lasted 00:13:29 (8912 turns).

Firecrotchwizard the Carver (Minotaur Berserker)    Turns: 8912, Time: 00:13:30

Health: -2/135     AC: 10    Str: 22    XL:     10   Next: 19%
Magic:  8/9        EV: 11    Int:  6    God:    Trog [****..]
Gold:   540        SH:  0    Dex: 11    Spells: 9/9 levels left

rFire    . . .     SeeInvis .   j - +4 long sword
rCold    . . .     Gourm    .   (no shield)
rNeg     . . .     Faith    .   s - +0 chain mail
rPois    .         Spirit   .   C - +0 hat
rElec    .         Reflect  .   B - +2 cloak
rCorr    .         Harm     .   (no gloves)
MR       .....                  (no boots)
Stlth    ..........             (no amulet)
HPRegen  0.32/turn              (no ring)
MPRegen  0.11/turn              (no ring)

@: berserking, corroded, lightly drained, very quick
A: retaliatory headbutt, horns 2
a: Berserk, Trog's Hand, Brothers in Arms, Renounce Religion


You were on level 9 of the Dungeon.
You worshipped Trog.
Trog was greatly pleased with you.
You were hungry.

You visited 1 branch of the dungeon, and saw 9 of its levels.

You collected 540 gold pieces.

Inventory:

Hand Weapons
 a - a +0 falchion
 j - a +4 long sword (weapon)
   (You took it off a wight on level 8 of the Dungeon)
Armour
 s - a +0 chain mail (worn)
   (You took it off an orc on level 3 of the Dungeon)
 B - a +2 cloak (worn)
   (You found it on level 4 of the Dungeon)
 C - a +0 hat (worn)
   (You found it on level 4 of the Dungeon)
Wands
 b - a wand of iceblast (3)
   (You took it off a crimson imp on level 5 of the Dungeon)
Scrolls
 e - 5 scrolls of magic mapping {!r}
 i - 5 scrolls of teleportation
 m - 13 scrolls of identify
 o - 2 scrolls of fog
 t - 2 scrolls of enchant armour
 w - 2 scrolls of remove curse
 y - 2 scrolls of fear
Potions
 d - 4 potions of curing {unknown}
 f - 2 potions of stabbing {unknown}
 g - 2 potions of haste {unknown}
 h - 3 potions of heal wounds {unknown}
 k - a potion of flight {unknown}
 n - a potion of mutation {unknown}
 p - 7 potions of magic
 q - a potion of brilliance {unknown}
 r - a potion of degeneration {unknown}
 u - 5 potions of cancellation {unknown}
 v - 2 potions of ambrosia {unknown}
 A - 2 potions of lignification {unknown}
Comestibles
 c - 19 rations


   Skills:
 + Level 8.8(8.7) Fighting
 * Level 11.7(11.6) Long Blades
 + Level 8.3(8.2) Armour
 + Level 7.7(7.6) Dodging


You had 9 spell levels left.
You didn't know any spells.
Your spell library was empty.

Dungeon Overview and Level Annotations

Branches:
Dungeon (9/15)             Temple (0/1) D:6            Lair (0/6) D:8
    Orc: D:9-12

Altars:
Dithmenos
Kikubaaqudgha
Okawaru
Qazlal
Sif Muna
Trog
Uskayaw
Vehumet
Zin

Shops:
D:9 :

Annotations:
D:9 Erolcha


Innate Abilities, Weirdness & Mutations

You reflexively headbutt those who attack you in melee.
You have a pair of horns on your head.


Message History

You feel your power leaking away.
You now have 4/9 mp.
Erolcha gestures wildly while chanting.
Erolcha blinks!
There is an open door here.
Unknown command.
The kobold demonologist looks braver for a moment.
All of the chunks of flesh in your inventory have rotted away.
The kobold demonologist mumbles some strange words.
Items here: ))) [[ a +0 trident; a +0 plate armour; a +0 dagger; a +0 robe; a +0 dagger
Things that are here:
a +0 dagger; a +0 robe; a +0 flail
There is a stone staircase leading down here.
You hit the ufetubus. Your headbutt misses the ufetubus.
The ufetubus closely misses you. You furiously retaliate!
You headbutt the ufetubus!
You kill the ufetubus!
You slash the jelly! The acid corrodes you!
Your hands burn!
The jelly misses you.
You take 3 damage, and have 87/90 hp.
You hit the jelly.
Your hands burn!
The jelly hits you but does no damage.
You take 5 damage, and have 82/90 hp.
You hit the jelly but do no damage. The acid corrodes you!
Your hands burn!
Your headbutt misses the jelly. The jelly barely misses you.
You riposte.
You slash the jelly!
You kill the jelly!
Trog accepts your kill.
You take 2 damage, and have 80/90 hp.
The kobold demonologist hits you but does no damage.
You hit the kobold demonologist.
Your headbutt misses the kobold demonologist.
The kobold demonologist hits you but does no damage.
You hit the kobold demonologist.
Your headbutt misses the kobold demonologist.
The kobold demonologist hits you but does no damage.
You barely miss the kobold demonologist.
You headbutt the kobold demonologist. You hit the kobold demonologist.
The kobold demonologist hits you but does no damage.
The white imp shouts, "Give in, thou bootless clay-brained pustule!"
You hit the kobold demonologist.
The kobold demonologist hits you but does no damage.
You barely miss the kobold demonologist.
The kobold demonologist hits you with a +0 dagger.
You take 1 damage, and have 80/90 hp.
You hit the kobold demonologist but do no damage.
The kobold demonologist barely misses you.
You closely miss the kobold demonologist.
The kobold demonologist gestures wildly while chanting.
You hit the kobold demonologist but do no damage.
You headbutt the kobold demonologist, but do no damage.
The kobold demonologist misses you.
You slash the kobold demonologist! The ice devil barely misses you.
Your chain mail prevents you from hitting the kobold demonologist.
The white imp disappears in a puff of smoke!
The kobold demonologist mumbles some strange words.
The ice devil hits you. The ice devil freezes you!
You take 16 damage, and have 64/90 hp.
You closely miss the kobold demonologist.
Your headbutt misses the kobold demonologist.
The kobold demonologist gestures wildly while chanting.
The ice devil completely misses you.
Your chain mail prevents you from hitting the kobold demonologist.
The sixfirhy hits you but does no damage.
The kobold demonologist barely misses you.
You furiously retaliate!
You headbutt the kobold demonologist. The ice devil misses you.
You hit the kobold demonologist.
You headbutt the kobold demonologist, but do no damage.
The sixfirhy hits you. The sixfirhy shocks you!
The sixfirhy hits you but does no damage.
The sixfirhy hits you. The sixfirhy shocks you!
The kobold demonologist hits you but does no damage.
You take 26 damage, and have 38/90 hp.
MASSIVE DAMAGE!!
A red film seems to cover your vision as you go berserk!
You feel yourself moving faster!
You feel mighty!
You are feeling hungry.
The sixfirhy closely misses you.
You riposte.
You slash the sixfirhy! The sixfirhy hits you. The sixfirhy shocks you!
The sixfirhy barely misses you. The ice devil hits you.
The ice devil freezes you!
* * * LOW HITPOINT WARNING * * *
The sixfirhy hits you!
* * * LOW HITPOINT WARNING * * *
The sixfirhy shocks you!
* * * LOW HITPOINT WARNING * * *
The kobold demonologist hits you but does no damage.
You now have 16/135 hp.
You hit the kobold demonologist.
You kill the kobold demonologist!
Trog accepts your kill.
Trog appreciates your killing of a magic user.
The ice devil disappears in a puff of smoke!
The sixfirhy disappears in a puff of smoke!
Items here: ! ) [ † a +0 dagger; a +0 robe; a puce potion; a kobold corpse You barely miss Erolcha.
You headbutt Erolcha. Erolcha hits you with a +0 giant club!!
You die...

#.#######>...#
#.##.......#.#
#..#.......'.#
#..#§......### ###
###
#####..#.§.....#
##.###.#
#..##..#.§.....#
##<....#
#.....§#.....###
##.###.#
#..###.#.#####
.....#.# #......@O#
#.##.#.###....#####
#.##...........#
#....#####.#...#
###### #####.# .#
##


You could see Erolcha.

Vanquished Creatures
  A kobold demonologist (D:9)
  A tengu conjurer (D:8)
  A hippogriff (D:8)
  A yak (D:8)
  A human (D:7)
  4 hogs (D:7)
  A water moccasin (D:8)
  2 orc warriors
  3 sky beasts
  3 phantoms
  An ogre (D:8)
  A centaur (D:7)
  A big kobold (D:8)
  6 bullfrogs
  3 scorpions
  5 killer bees
  3 wights (D:8)
  A howler monkey (D:6)
  4 crimson imps
  A bullfrog zombie (D:5)
  2 lava snakes (D:8)
  A jelly (D:9)
  A quasit (D:8)
  A gnoll shaman (D:8)
  7 orc wizards
  2 centaur skeletons
  2 iguanas (D:5)
  An orc priest (D:3)
  2 hounds
  2 bullfrog skeletons
  2 worker ants
  A hound zombie (D:5)
  A hound skeleton (D:8)
  4 gnolls
  13 adders
  2 shadow imps
  An adder zombie (D:5)
  2 oozes (D:1)
  An adder skeleton (D:8)
  2 worms (D:3)
  2 dart slugs
  4 leopard geckos
  33 orcs
  A ball python (D:1)
  4 giant cockroaches
  2 goblins
  10 hobgoblins
  13 jackals
  6 quokkas
  7 bats
  2 frilled lizards
  A giant cockroach zombie (D:5)
  4 kobolds
  A leopard gecko zombie (D:8)
  2 quokka skeletons
  2 rats
188 creatures vanquished.

Vanquished Creatures (others)
  A fungus (D:8)
1 creature vanquished.

Grand Total: 189 creatures vanquished

Notes
Turn   | Place    | Note
-------+----------+-------------------------------------------
     0 | D:1      | Firecrotchwizard the Minotaur Berserker began the quest for
                  | the Orb.
     0 | D:1      | Reached XP level 1. HP: 19/19 MP: 0/0
   535 | D:1      | Reached XP level 2. HP: 27/27 MP: 1/1
   577 | D:1      | Reached skill level 4 in Long Blades
  1203 | D:2      | Reached skill level 4 in Fighting
  1247 | D:2      | Reached XP level 3. HP: 33/33 MP: 2/2
  1314 | D:2      | Found a glowing silver altar of Zin.
  1314 | D:2      | Found an iron altar of Okawaru.
  1523 | D:2      | Reached skill level 3 in Armour
  1525 | D:2      | Reached ** piety under Trog
  1938 | D:3      | Reached XP level 4. HP: 35/40 MP: 3/3
  1942 | D:3      | Reached skill level 3 in Dodging
  1948 | D:3      | Reached skill level 5 in Long Blades
  2029 | D:3      | Noticed a bullfrog
  2034 | D:3      | Killed a bullfrog
  2034 | D:3      | Reached XP level 5. HP: 42/47 MP: 4/4
  2593 | D:3      | Reached XP level 6. HP: 55/55 MP: 5/5
  2658 | D:3      | Noticed a +0 hand axe
  2658 | D:3      | Noticed a +0 hand axe
  2659 | D:3      | Found a hide-covered altar of Uskayaw.
  2728 | D:4      | Found a shadowy altar of Dithmenos.
  2749 | D:4      | Reached skill level 4 in Armour
  2833 | D:4      | Reached skill level 6 in Long Blades
  3025 | D:4      | Reached skill level 5 in Fighting
  3193 | D:4      | Reached *** piety under Trog
  3284 | D:4      | Reached skill level 4 in Dodging
  3410 | D:4      | Found a bloodstained altar of Trog.
  3608 | D:5      | Entered Level 5 of the Dungeon
  3714 | D:5      | Reached XP level 7. HP: 61/61 MP: 6/6
  3734 | D:5      | Found a radiant altar of Vehumet.
  3879 | D:5      | Reached skill level 7 in Long Blades
  4293 | D:5      | Reached skill level 5 in Armour
  4899 | D:6      | Reached skill level 6 in Fighting
  4955 | D:6      | Found a stormy altar of Qazlal.
  4970 | D:6      | Found a staircase to the Ecumenical Temple.
  5179 | D:6      | Reached skill level 8 in Long Blades
  5179 | D:6      | Reached skill level 5 in Dodging
  5179 | D:6      | Reached XP level 8. HP: 64/70 MP: 7/7
  6091 | D:7      | Reached **** piety under Trog
  6161 | D:7      | Reached skill level 6 in Armour
  6192 | D:7      | Reached skill level 9 in Long Blades
  6206 | D:7      | Reached skill level 7 in Fighting
  6213 | D:7      | Reached skill level 6 in Dodging
  6219 | D:7      | Reached XP level 9. HP: 63/79 MP: 8/8
  6598 | D:7      | Found an ancient bone altar of Kikubaaqudgha.
  6819 | D:8      | Reached skill level 10 in Long Blades
  6824 | D:8      | Noticed a tengu conjurer
  6942 | D:8      | Reached skill level 7 in Armour
  7345 | D:8      | Reached skill level 8 in Fighting
  7474 | D:8      | Reached skill level 7 in Dodging
  7723 | D:8      | Found a staircase to the Lair.
  7799 | D:8      | Reached skill level 11 in Long Blades
  7975 | D:8      | Reached skill level 8 in Armour
  8255 | D:8      | Found a shimmering blue altar of Sif Muna.
  8304 | D:8      | Identified the +7 flail of Famine {vorpal, Str+2}
  8319 | D:8      | Killed a tengu conjurer
  8319 | D:8      | Reached XP level 10. HP: 85/90 MP: 9/9
  8620 | D:9      | Found Liptaul's Book Emporium.
  8867 | D:9      | Noticed Erolcha
  8907 | D:9      | Noticed a sixfirhy
  8909 | D:9      | HP: 28/135 [sixfirhy[a kobold demonologist] (7)]
  8912 | D:9      | Slain by Erolcha

Illustrated notes

Levels and vault maps discovered:
D:1:      saegor_arrival_simple_c, layout_basic
D:2:      layout_basic, gammafunk_temple_overflow_wave, first_ration
D:3:      layout_loops_ring, dancing_weapons_uskayaw
D:4:      layout_loops_corners, bloody_trog, minmay_misc_feat_square,
          minmay_misc_feat_five, nrook_mini_backslash,
          minmay_misc_feat_nine_boxes, chequers_decorated_corner,
          small_statue_intersection, grunt_dithmenos_smoke
D:5:      layout_loops_ring, vehumet_crystals
D:6:      layout_layer_cave, nicolae_overflow_crystal_walls, temple_pool_b
D:7:      layout_basic, old_standard_altar, grunt_livestock
D:8:      minmay_bloctagon, layout_rooms, lemuel_blue_sif_altar,
          dpeg_oklobed_lair, kennysheep_generic_room_16
D:9:      kennysheep_windowed_halls, layout_basic, serial_shops,
          nicolae_shop_crystal, uniq_erolcha

Skill      XL: |  1  2  3  4  5  6  7  8  9 |
---------------+----------------------------+-----
Long Blades    | 4 5 6 8 9 11 | 11.7
Fighting       | 4 5 6 7 8 |  8.8
Armour         | 3 4 5 6 8 |  8.3
Dodging        | 3 4 5 6 7 |  7.7

Action                   |  1- 3 |  4- 6 |  7- 9 | 10-12 || total
-------------------------+-------+-------+-------+-------++-------
Melee: Falchion          |    89 |   141 |   408 |     2 ||   640
       Headbutt          |    10 |    24 |    82 |    11 ||   127
       Unarmed           |       |       |    19 |       ||    19
       Long sword        |       |       |       |    56 ||    56
Invok: Trog's Hand       |       |     1 |     2 |       ||     3
       Berserk           |       |       |     3 |     1 ||     4
  Use: Scroll            |     1 |     8 |     2 |     2 ||    13
  Eat: Chunk             |     3 |     6 |    11 |     3 ||    23
       Ration            |       |       |     2 |       ||     2
Armor: Animal skin       |     4 |       |       |       ||     4
       Ring mail         |    21 |       |       |       ||    21
       Chain mail        |     4 |    77 |   218 |    21 ||   320
       Skin              |       |       |     1 |       ||     1
Dodge: Dodged            |    61 |    61 |   201 |    30 ||   353
       Rpst.: Falchion   |    15 |    19 |    48 |     1 ||    83
       Long sword        |       |       |       |     7 ||     7

Table legend:
 A = Non-vault XP
 B = Vault XP
 C = Vault XP percentage of total XP
 D = Non-vault monster count
 E = Vault monster count
 F = Vault count percentage of total count
                 A         B        C        D         E       F
            +---------+---------+-------+---------+---------+-------
      Total |    4181 |    2397 |  36.4 |     166 |      22 |  11.7
            +---------+---------+-------+---------+---------+-------
        D:1 |      36 |       0 |   0.0 |      14 |       0 |   0.0
        D:2 |      25 |       0 |   0.0 |      11 |       0 |   0.0
        D:3 |     331 |       0 |   0.0 |      37 |       0 |   0.0
        D:4 |     259 |       0 |   0.0 |      22 |       0 |   0.0
        D:5 |     550 |       0 |   0.0 |      19 |       0 |   0.0
        D:6 |     361 |       0 |   0.0 |       8 |       0 |   0.0
        D:7 |     867 |     937 |  51.9 |      17 |       5 |  22.7
        D:8 |    1065 |    1460 |  57.8 |      29 |      17 |  37.0
        D:9 |     687 |       0 |   0.0 |       9 |       0 |   0.0
            +---------+---------+-------+---------+---------+-------

Levels and vault maps discovered:
D:1:      saegor_arrival_simple_c, layout_basic
D:2:      layout_basic, gammafunk_temple_overflow_wave, first_ration
D:3:      layout_loops_ring, dancing_weapons_uskayaw
D:4:      layout_loops_corners, bloody_trog, minmay_misc_feat_square,
          minmay_misc_feat_five, nrook_mini_backslash,
          minmay_misc_feat_nine_boxes, chequers_decorated_corner,
          small_statue_intersection, grunt_dithmenos_smoke
D:5:      layout_loops_ring, vehumet_crystals
D:6:      layout_layer_cave, nicolae_overflow_crystal_walls, temple_pool_b
D:7:      layout_basic, old_standard_altar, grunt_livestock
D:8:      minmay_bloctagon, layout_rooms, lemuel_blue_sif_altar,
          dpeg_oklobed_lair, kennysheep_generic_room_16
D:9:      kennysheep_windowed_halls, layout_basic, serial_shops,
          nicolae_shop_crystal, uniq_erolcha

Table legend:
 A = Turns spent in this place as a percentage of turns spent in the entire game.
 B = Non-inter-level travel turns spent in this place as a percentage of non-inter-level travel turns spent in the entire game.
 C = Inter-level travel turns spent in this place as a percentage of turns spent in this place.
 D = Turns resting spent in this place as a percentage of non-inter-level travel turns spent in this place.
 E = Turns spent auto-exploring this place as a percentage of non-inter-level travel turns spent in this place.
 F = Non-inter-level travel turns spent in this place divided by the number of levels of this place that you've seen.
                   A       B       C       D       E      F
               +-------+-------+-------+-------+-------+----------------------
         Total | 100.0 | 100.0 |   3.6 |  26.7 |  56.3 | 955.0
       Dungeon | 100.0 | 100.0 |   3.6 |  26.7 |  56.3 | 955.0
               +-------+-------+-------+-------+-------+----------------------

Table legend:
 A = Kills in this place as a percentage of kills in entire the game.
 B = Kills by you in this place as a percentage of kills by you in the entire game.
 C = Kills by friends in this place as a percentage of kills by friends in the entire game.
 D = Other kills in this place as a percentage of other kills in the entire game.
 E = Experience gained in this place as a percentage of experience gained in the entire game.
 F = Experience gained in this place divided by the number of levels of this place that you have seen.
                   A       B       C       D       E      F
               +-------+-------+-------+-------+-------+----------------------
         Total | 100.0 | 100.0 |   N/A |   N/A | 100.0 | 730.9
       Dungeon | 100.0 | 100.0 |   N/A |   N/A | 100.0 | 730.9
               +-------+-------+-------+-------+-------+----------------------
